 Dungeon Crawl Stone Soup version 0.21.1-1-g345015fe64 (webtiles) character file.

409 Lorindel the Ogre Mage (level 6, -5/62 HPs)
             Began as an Ogre Skald on May 3, 2018.
             Slain by Natasha (6 damage)
             ... on level 4 of the Dungeon on May 11, 2018.
             The game lasted 00:21:01 (4170 turns).

Lorindel the Ogre Mage (Ogre Skald)                 Turns: 4170, Time: 00:21:02

Health: -5/62      AC:  6    Str: 16    XL:     6   Next: 89%
Magic:  4/21       EV: 10    Int: 16    God:
Gold:   164        SH:  0    Dex:  8    Spells: 2/13 levels left

rFire    . . .     SeeInvis .   a - +0 spear
rCold    . . .     Gourm    .   (no shield)
rNeg     . . .     Faith    .   b - +2 animal skin
rPois    .         Spirit   .   (helmet restricted)
rElec    .         Reflect  .   t - +0 cloak {+Inv}
rCorr    .         Harm     .   (gloves unavailable)
MR       .....                  (boots unavailable)
Stlth    +.........             (no amulet)
HPRegen  1.20/turn              k - ring of magical power
MPRegen  0.17/turn              (no ring)

@: about to teleport, infused, berserk cooldown, regenerating, slowed, very slow
A: large, unfitting armour, tough skin 1
a: Evoke Invisibility


You were on level 4 of the Dungeon.
You were hungry.

You visited 1 branch of the dungeon, and saw 4 of its levels.

You collected 164 gold pieces.

Inventory:

Hand Weapons
 a - a +0 spear (weapon)
 r - a +3 quarterstaff of chaos
Armour
 b - a +2 animal skin (worn)
 t - a +0 cloak of invisibility (worn)
Jewellery
 k - a ring of magical power (left hand)
Scrolls
 h - a scroll of amnesia
 q - a scroll of teleportation
Potions
 e - 2 potions of brilliance
 g - a potion of magic
 i - 2 potions of heal wounds
 l - a potion of haste {unknown}
 m - a potion of berserk rage
 o - a potion of flight
Books
 c - a book of Battle

   Spells                             Type                      Level
   a - Infusion                       Charms                       1
   b - Shroud of Golubria             Charms/Translocation         2
   c - Song of Slaying                Charms                       2
   d - Spectral Weapon                Hexes/Charms                 3
   e - Regeneration                   Charms/Necromancy            3
Comestibles
 d - 7 rations
 f - 2 chunks of flesh


   Skills:
 + Level 4.0 Fighting
 + Level 2.9 Polearms
 - Level 1.0 Armour
 + Level 2.9 Dodging
 * Level 4.2 Spellcasting
 + Level 0.6 Hexes
 * Level 3.6 Charms
 + Level 1.4 Necromancy
 + Level 1.7 Translocations


You had 2 spell levels left.
You knew the following spells:

 Your Spells              Type           Power        Failure   Level  Hunger
a - Infusion              Chrm           ###.         3%          1    None
b - Song of Slaying       Chrm           ###.....     5%          2    ##.....
c - Shroud of Golubria    Chrm/Tloc      ##........   9%          2    ##.....
d - Regeneration          Chrm/Necr      ##........   17%         3    ###....
e - Spectral Weapon       Hex/Chrm       ##......     21%         3    ###....


Dungeon Overview and Level Annotations

Branches:
Dungeon (4/15)
 Temple: D:4-7

Altars:

Shops:
D:4 =

Annotations:
D:4 Mrkan's ghost, amateur DsFi; Natasha


Innate Abilities, Weirdness & Mutations

You are too large for most types of armour.
You have tough skin. (AC +1)


Message History

Mrkan's ghost (amateur Demonspawn Fighter) comes into view.
Press: ? - help, v - describe, . - travel
Here: Mrkan's ghost The floor.
Unknown command.
Your spectral weapon fades away.
Natasha, Servant of Life and Death comes into view.
Natasha hisses angrily.
You hear a shout!
Natasha mumbles some strange words.
Mrkan's ghost hits you!
* * * LOW HITPOINT WARNING * * *
As you read the scroll of teleportation, it crumbles to dust.
You feel strangely unstable. Mrkan's ghost hits you.
* * * LOW HITPOINT WARNING * * *
Casting: Infusion
Confirm with . or Enter, or press ? or * to list all spells.
Your skin crawls.
Mrkan's ghost hits you.
* * * LOW HITPOINT WARNING * * *
Natasha claws you.
You die...

*,,,,,,........)).(............#
*,,,,,,........?(..............#
*,,,,,,.........))......[......#
*,,,,,,........................#
*,,,,,>..........W..............
*,,,,,,........##..............<
*,,,,,,........##.##############
*,,,,,,.......W##5#####***######
*,,,,,,........@h......,,,......
*,,,,,,........##%#.###***#...##
*,,,,,,........#*,#,******#...##
***,,,,...##...#*,*,*,,,,,......
*,,,,...*#...#*,*,*,****#.....
*,,,,..,*#...#*,*,*,*,,,,#....
*,,,,,,,*#####*,*,*,*,**,#....
*****,,,* *,*,*,*.#*,#....
*,,,**####*,*,*,#.##,#....


You could see an iron imp, Natasha and Mrkan's ghost.

Vanquished Creatures
  An ogre (D:4)
  An orc priest (D:4)
  Crazy Yiuf (D:3)
  2 orc wizards (D:4)
  Terence (D:3)
  Natasha (D:4)
  Robin (D:4)
  6 adders
  A dart slug (D:1)
  2 worms
  4 leopard geckos
  7 orcs
  9 bats
  6 giant cockroaches
  15 goblins
  8 hobgoblins
  6 jackals
  4 quokkas
  3 ball pythons
  A frilled lizard (D:4)
  4 kobolds
  4 rats
88 creatures vanquished.

Notes
Turn   | Place    | Note
-------+----------+-------------------------------------------
     0 | D:1      | Lorindel the Ogre Skald began the quest for the Orb.
     0 | D:1      | Reached XP level 1. HP: 22/22 MP: 3/3
   312 | D:1      | Reached XP level 2. HP: 15/29 MP: 5/5
   465 | D:1      | Learned a level 2 spell: Song of Slaying
   468 | D:1      | Learned a level 2 spell: Shroud of Golubria
   972 | D:1      | Reached XP level 3. HP: 34/37 MP: 4/7
  1000 | D:1      | Learned a level 3 spell: Regeneration
  2126 | D:3      | Reached XP level 4. HP: 44/45 MP: 0/8
  2712 | D:3      | Noticed Terence
  2752 | D:3      | Killed Terence
  2752 | D:3      | Reached skill level 1 in Translocations
  2752 | D:3      | Reached XP level 5. HP: 47/53 MP: 2/10
  2883 | D:3      | Reached skill level 1 in Armour
  2917 | D:3      | Found a runed door.
  3372 | D:4      | Noticed an ogre
  3381 | D:4      | Killed an ogre
  3381 | D:4      | Reached skill level 1 in Necromancy
  3386 | D:4      | Learned a level 3 spell: Spectral Weapon
  3388 | D:4      | Found Aghig's Jewellery Shoppe.
  3480 | D:3      | Noticed Crazy Yiuf
  3486 | D:3      | Killed Crazy Yiuf
  3486 | D:3      | Reached XP level 6. HP: 25/62 MP: 0/11
  3676 | D:4      | Noticed Robin
  3699 | D:4      | Killed Robin
  4127 | D:4      | Noticed Natasha
  4137 | D:4      | Killed Natasha
  4162 | D:4      | Noticed Mrkan's ghost (amateur DsFi)
  4168 | D:4      | Noticed Natasha
  4170 | D:4      | HP: 1/62 [Mrkan's ghost (6)]
  4170 | D:4      | Slain by Natasha

Skill      XL: |  1  2  3  4  5  6 |
---------------+-------------------+-----
Fighting       | 3 4 |  4.0
Spellcasting   | 3 4 |  4.2
Charms         | 3 |  3.6
Translocations | 1 |  1.7
Armour         | 1 |  1.0
Necromancy     | 1 |  1.4
Polearms       | |  2.9
Dodging        | |  2.9
Hexes          | |  0.6

Action                   |  1- 3 |  4- 6 || total
-------------------------+-------+-------++-------
Melee: Spear             |   146 |   177 ||   323
 Cast: Infusion          |    15 |    15 ||    30
       Shroud of Golubri |     5 |    10 ||    15
       Regeneration      |       |     8 ||     8
       Song of Slaying   |       |     3 ||     3
       Spectral Weapon   |       |     3 ||     3
  Use: Scroll            |     1 |    10 ||    11
       Potion            |       |     4 ||     4
  Eat: Chunk             |     4 |     8 ||    12
Armor: Robe              |    36 |    18 ||    54
       Animal skin       |       |    22 ||    22
Dodge: Dodged            |    65 |    88 ||   153
